 Dungeon Crawl Stone Soup version 0.29-a0-577-gafbf2c5d25 (webtiles) character file.

Game seed: 16031896495426397283

31 DocClef the Sneak (level 3, -1/33 HPs)
             Began as a Draconian Delver on June 13, 2022.
             Slain by Grinder (4 damage)
             ... on level 5 of the Dungeon.
             The game lasted 00:00:11 (83 turns).

DocClef the Sneak (Draconian Delver)                  Turns: 83, Time: 00:00:12

Health: -1/33      AC:  5    Str: 14    XL:     3   Next: 7%
Magic:  3/3        EV: 12    Int: 10    God:
Gold:   1          SH:  0    Dex: 14    Spells: 2/2 levels left

rFire   . . .      SeeInvis .   a - +0 short sword
rCold   . . .      Faith    .   (no shield)
rNeg    . . .      Spirit   .   (body armour unavailable)
rPois   .          Reflect  .   (helmet restricted)
rElec   .          Harm     .   (no cloak)
rCorr   .          Rampage  .   (no gloves)
Will    .....                   (no boots)
Stlth   +++.......              (no amulet)
HPRegen 0.11/turn               (no ring)
MPRegen 0.08/turn               (no ring)

@: no status effects
A: AC +5, unfitting armour, cold-blooded
a: no special abilities


You were on level 5 of the Dungeon.
You visited 1 branch of the dungeon, and saw 1 of its levels.

You collected 1 gold pieces.

Inventory:

Hand Weapons
 a - a +0 short sword (weapon)
Wands
 f - a wand of digging (3)
Scrolls
 b - a scroll of fog
 c - a scroll of magic mapping
 d - a scroll of fear
Potions
 e - a potion of haste


   Skills:
 + Level 3.7 Fighting
 + Level 2.4 Short Blades
 + Level 2.2 Dodging
 + Level 4.7 Stealth


You had 2 spell levels left.
You didn't know any spells.
Your spell library was empty.

Dungeon Overview and Level Annotations

Branches:
Dungeon (5/15)
 Temple: D:4-7

Altars:

Annotations:
D:5 Grinder


Innate Abilities, Weirdness & Mutations

Your plain brown scales are hard. (AC +5)
You cannot fit into any form of body armour.
You are cold-blooded and may be slowed by cold attacks.


Message History

You hit the howler monkey.
The howler monkey is heavily wounded.
Grinder gestures at you.
You suddenly lose the ability to move!
The howler monkey barely misses you. Grinder hits you.
You writhe in agony.
The howler monkey hoots and howls with incredible vigour!
The howler monkey hits you.
Grinder blinks!
The howler monkey hits you. The howler monkey barely misses you.
You can move again.
You barely miss the howler monkey.
The howler monkey is heavily wounded.
The howler monkey hits you.
You are too injured to fight recklessly!
You are too injured to fight recklessly!
You are too injured to fight recklessly!
You are too injured to fight recklessly!
Unknown command.
You are too injured to fight recklessly!
You completely miss the howler monkey.
The howler monkey is heavily wounded.
The howler monkey hoots and howls with incredible vigour!
You hit the howler monkey. You tail-slap the howler monkey.
The howler monkey is severely wounded.
Grinder closely misses you. The howler monkey hits you.
* * * LOW HITPOINT WARNING * * *
You hit the howler monkey.
The howler monkey is almost dead.
The howler monkey hits you.
* * * LOW HITPOINT WARNING * * *
Grinder gestures at you.
You barely resist. You closely miss the howler monkey.
Your tail-slap misses the howler monkey.
The howler monkey is almost dead.
The howler monkey closely misses you. Grinder misses you.
The howler monkey hits you but does no damage.
You hit the howler monkey.
You kill the howler monkey!
Grinder hits you.
You die...

.# #.# #.# #.# ## #.#
###..####### #.#
......†.##.######.#####
#@#.#...........##
#5.###.####.......
#....## ##..........#
+.##.. #.#####....>. +
#.# #...... #.# #......
#.# #...... #.# #......
#. #..#>#.


You could see Grinder.

Vanquished Creatures
  A howler monkey (D:5)
  A hound (D:5)
2 creatures vanquished.

Notes
Turn   | Place    | Note
-------+----------+-------------------------------------------
     0 | D:5      | DocClef the Draconian Delver began the quest for the Orb.
     0 | D:5      | Reached XP level 1. HP: 19/19 MP: 1/1
     3 | D:5      | Noticed a hound
    16 | D:5      | Killed a hound
    17 | D:5      | Reached XP level 2. HP: 24/27 MP: 2/2
    17 | D:5      | Reached XP level 3. HP: 29/33 MP: 3/3
    67 | D:5      | Noticed Grinder
    74 | D:5      | Paralysed by Grinder for 4 turns
    83 | D:5      | Slain by Grinder

Illustrated notes

Levels and vault maps discovered:
D:5:      layout_loops_ring, serial_shops, shop, kennysheep_generic_room_12,
          uniq_grinder, uniq_blork_the_orc, uniq_sigmund

Skill      XL: |  1 |
---------------+----+-----
Dodging        | 2 |  2.2
Fighting       | |  3.7
Short Blades   | |  2.4
Stealth        | |  4.7

Action                   || total
-------------------------++-------
Melee: Short sword       ||    21
       Punch             ||     1
       Tailslap          ||     1
Armor: Skin              ||     5
Dodge: Dodged            ||    19

Table legend: (Time is in decaauts)
 A = Elapsed time spent in this place.
 B = Non-inter-level travel time spent in this place.
 C = Inter-level travel time spent in this place.
 D = Time resting spent in this place.
 E = Time spent auto-exploring this place.
 F = Levels seen in this place.
 G = Mean time per level.
                   A        B        C        D        E       F      G
               +--------+--------+--------+--------+--------+-----+--------+
         Total |     82 |     82 |      0 |      0 |     51 |   1 |   82.0 |
       Dungeon |     82 |     82 |      0 |      0 |     51 |   1 |   82.0 |
               +--------+--------+--------+--------+--------+-----+--------+

Top non-repeatable levels by time:
     D:5: 82 daAuts
